 Dungeon Crawl Stone Soup version 0.24-a0-699-g5a66b1aa3b (webtiles) character file.

Game seed: 7841652509758983109, levelgen mode: deterministic

419 LabCoat the Chopper (level 6, -1/53 HPs)
             Began as a Hill Orc Fighter on Sept 29, 2019.
             Was an Initiate of Trog.
             Slain by a hornet (9 damage)
             ... on level 6 of the Dungeon.
             The game lasted 00:14:37 (4382 turns).

LabCoat the Chopper (Hill Orc Fighter)              Turns: 4382, Time: 00:14:37

Health: -1/53      AC: 10    Str: 20    XL:     6   Next: 93%
Magic:  6/6        EV:  5    Int:  8    God:    Trog [......]
Gold:   266        SH: 10    Dex: 17    Spells: 5/5 levels left

rFire    . . .     SeeInvis .   a - +0 war axe
rCold    . . .     Gourm    .   c - +0 shield
rNeg     . . .     Faith    .   g - +0 chain mail
rPois    .         Spirit   .   (no helmet)
rElec    .         Reflect  .   t - +0 cloak
rCorr    +         Harm     .   (no gloves)
MR       .....                  (no boots)
Stlth    ..........             (no amulet)
HPRegen  0.17/turn              r - +6 ring of dexterity
MPRegen  0.10/turn              z - ring of resist corrosion

@: slowed, very slow
A: no striking features
a: Renounce Religion


You were on level 6 of the Dungeon.
You worshipped Trog.
Trog was noncommittal.
You were not hungry.

You visited 2 branches of the dungeon, and saw 7 of its levels.

You collected 266 gold pieces.

Inventory:

Hand Weapons
 a - a +0 war axe (weapon)
 v - a +0 morningstar
Missiles
 h - 5 atropa-tipped darts (quivered)
 n - 24 boomerangs
 D - 2 datura-tipped darts
Armour
 c - a +0 shield (worn)
 g - a +0 chain mail (worn)
 t - a +0 cloak (worn)
Jewellery
 b - a +4 ring of dexterity
 r - a +6 ring of dexterity (left hand)
 z - a ring of resist corrosion (right hand)
Wands
 m - a wand of acid (7)
Scrolls
 j - 2 scrolls of teleportation
 l - 2 scrolls of fear
 o - a scroll of remove curse
 p - 2 scrolls of amnesia
 q - a scroll of fog
 w - a scroll of noise {unknown}
 y - a scroll of enchant armour {unknown}
 A - a scroll of magic mapping {unknown}
 C - a scroll of enchant weapon {unknown}
Potions
 d - a potion of brilliance {unknown}
 i - a potion of lignification {unknown}
 k - a potion of mutation {unknown}
 s - 2 potions of flight
 u - 2 potions of agility {unknown}
 x - a potion of resistance
 B - a potion of ambrosia {unknown}
Comestibles
 f - 4 rations


   Skills:
 + Level 4.4 Fighting
 * Level 7.6 Axes
 + Level 0.7 Throwing
 + Level 4.2 Armour
 + Level 4.2 Shields


You had 5 spell levels left.
You didn't know any spells.
Your spell library contained the following spells:

 Spells                   Type           Power        Failure   Level  Hunger
 Freeze                   Ice            #...         100%        1    ##.....
 Throw Frost              Conj/Ice       #.....       100%        2    ###....
 Ozocubu's Armour         Chrm/Ice       #.......     100%        3    ####...
 Summon Ice Beast         Ice/Summ       #.......     100%        4    #####..
 Throw Icicle             Conj/Ice       #.......     100%        4    #####..


Dungeon Overview and Level Annotations

Branches:
Dungeon (6/15)             Temple (1/1) D:5

Altars:
Ashenzari
Cheibriados
Dithmenos
Elyvilon
Fedhas
Gozag
Kikubaaqudgha
Makhleb
Nemelex Xobeh
Okawaru
Trog
Uskayaw
Vehumet
Wu Jian
The Shining One

Shops:
D:5 =


Message History

* * * LOW HITPOINT WARNING * * *
You are poisoned.
You suddenly lose the ability to move!
You feel sick. The hornet stings you!
* * * LOW HITPOINT WARNING * * *
You feel as though you will be slow longer.
The hornet stings you but does no damage.
* * * LOW HITPOINT WARNING * * *
You feel sick. The hornet stings you.
* * * LOW HITPOINT WARNING * * *
You are more poisoned.
You feel as though you will be slow longer.
You can move again.
You feel better. You block the hornet's attack.
The hornet stings you but does no damage.
You block the hornet's attack.
Your shield and chain mail prevent you from hitting the hornet.
The hornet is lightly wounded.
The hornet stings you!
You die...

#.(......#.....#
#........#.....#
#........#.....#
###'#######.....#
#...............#
#...............#
#...............#
#...............#
#...(.(y@.......#
#.....#####.....#
#.....#...#)....#
#.....#...#.....#
#.....#...'.....#
#.....#####...%.##
#...................
#...................
#.....[...............


You could see a hornet.

Vanquished Creatures
  A bullfrog zombie (D:6)
  A jelly (D:5)
  A bullfrog skeleton (D:5)
  A gnoll shaman (D:4)
  An orc priest (D:5)
  2 worker ants (D:4)
  A hound zombie (D:5)
  5 gnolls (D:4)
  4 adders
  2 oozes
  A worm (D:3)
  2 dart slugs
  5 leopard geckos
  17 orcs
  A ball python (D:3)
  2 giant cockroaches
  3 goblins
  7 hobgoblins
  7 jackals
  3 quokkas
  6 bats
  8 frilled lizards
  9 kobolds
  3 rats
93 creatures vanquished.

Notes
Turn   | Place    | Note
-------+----------+-------------------------------------------
     0 | D:1      | LabCoat the Hill Orc Fighter began the quest for the Orb.
     0 | D:1      | Reached XP level 1. HP: 19/19 MP: 1/1
    58 | D:1      | Reached XP level 2. HP: 21/27 MP: 2/2
    64 | D:1      | Reached skill level 3 in Axes
   351 | D:1      | Reached XP level 3. HP: 28/33 MP: 3/3
   923 | D:2      | Reached skill level 4 in Axes
  1678 | D:3      | Reached XP level 4. HP: 27/40 MP: 4/4
  2115 | D:3      | Reached skill level 5 in Axes
  2268 | D:4      | Reached XP level 5. HP: 29/46 MP: 5/5
  2416 | D:4      | Found an iron altar of Okawaru.
  2877 | D:4      | Reached skill level 6 in Axes
  2880 | D:4      | Reached XP level 6. HP: 27/52 MP: 6/6
  3489 | D:5      | Entered Level 5 of the Dungeon
  3547 | D:5      | Found a staircase to the Ecumenical Temple.
  3560 | Temple   | Entered the Ecumenical Temple
  3582 | Temple   | Became a worshipper of Trog the Wrathful
  3733 | D:5      | Reached skill level 7 in Axes
  3759 | D:5      | Found Rytamot's Jewellery Shoppe.
  4218 | D:6      | Noticed a hornet
  4378 | D:6      | Paralysed by a hornet for 3 turns
  4380 | D:6      | HP: 1/53 [hornet (6)]
  4382 | D:6      | Slain by a hornet

Levels and vault maps discovered:
D:1:      dpeg_arrival_shrine, layout_basic
D:2:      layout_loops_ring, minmay_tromino_i2
D:3:      lemuel_upstairs_altar, layout_basic, first_ration,
          minmay_misc_feat_alley
D:4:      layout_loops_cross, okawaru_ov_weapons_minmay, minmay_between
D:5:      wander_river, layout_basic, minmay_temple_entry_proselytizer,
          serial_shops, nicolae_shop_statue_plus, grunt_ministairs_8,
          minmay_misc_feat_rows
D:6:      minmay_goblin_kobold_castle, layout_gridville, uniq_duvessa
Temple:   eino_temple_lava

Skill      XL: |  1  2  3  4  5  6 |
---------------+-------------------+-----
Axes           | 3 4 5 6 7 |  7.6
Fighting       | 4 |  4.4
Shields        | 4 |  4.2
Armour         | 4 |  4.2
Throwing       | |  0.7

Action                   |  1- 3 |  4- 6 || total
-------------------------+-------+-------++-------
Melee: War axe           |   137 |   178 ||   315
Throw: Dart              |     2 |     9 ||    11
  Use: Scroll            |     2 |     7 ||     9
       Potion            |       |     5 ||     5
 Stab: Invisible         |       |     1 ||     1
  Eat: Chunk             |     3 |     3 ||     6
       Ration            |       |     2 ||     2
Armor: Scale mail        |    56 |    41 ||    97
       Chain mail        |       |    34 ||    34
Dodge: Dodged            |    34 |    52 ||    86
Block: Shield            |    76 |   107 ||   183

Table legend:
 A = Non-vault XP
 B = Vault XP
 C = Vault XP percentage of total XP
 D = Non-vault monster count
 E = Vault monster count
 F = Vault count percentage of total count
                 A         B        C        D         E       F
            +---------+---------+-------+---------+---------+-------
      Total |     512 |      87 |  14.5 |      89 |       4 |   4.3
            +---------+---------+-------+---------+---------+-------
        D:1 |      42 |       0 |   0.0 |      21 |       0 |   0.0
        D:2 |      36 |       1 |   2.7 |      15 |       1 |   6.2
        D:3 |      74 |       0 |   0.0 |      24 |       0 |   0.0
        D:4 |     236 |       3 |   1.3 |      22 |       1 |   4.3
        D:5 |      69 |      83 |  54.6 |       4 |       2 |  33.3
        D:6 |      55 |       0 |   0.0 |       3 |       0 |   0.0
            +---------+---------+-------+---------+---------+-------
